 Dungeon Crawl Stone Soup version 0.29.1-12-g30fa7ad0bf (webtiles) character file.

Game seed: 11421856457640331493

92 warriortoast the Shooter (level 4, -4/23 HPs)
             Began as a Spriggan Hunter on Dec 14, 2022.
             Constricted to death by Grinder (7 damage)
             ... on level 3 of the Dungeon.
             The game lasted 00:01:56 (2478 turns).

warriortoast the Shooter (Spriggan Hunter)          Turns: 2478, Time: 00:01:57

Health: -4/23      AC:  2    Str:  7    XL:     4   Next: 35%
Magic:  5/5        EV: 16    Int: 10    God:
Gold:   146        SH:  0    Dex: 20    Spells: 3/3 levels left

rFire   . . .      SeeInvis +   a - +0 shortbow
rCold   . . .      Faith    .   (shield currently unavailable)
rNeg    . . .      Spirit   .   c - +0 robe
rPois   .          Reflect  .   (helmet restricted)
rElec   .          Harm     .   (no cloak)
rCorr   .          Rampage  .   (gloves unavailable)
Will    .....                   (boots unavailable)
Stlth   +++.......              (no amulet)
HPRegen 0.07/turn               (no ring)
MPRegen 0.09/turn               (no ring)

@: grasped by roots, constricted, very quick
A: very small, no large weapons, unfitting armour, see invisible, speed 3
a: no special abilities


You were on level 3 of the Dungeon.
You visited 1 branch of the dungeon, and saw 4 of its levels.

You collected 146 gold pieces.

Inventory:

Hand Weapons
 a - a +0 shortbow (weapon)
Armour
 c - a +0 robe (worn)
Jewellery
 l - a ring of protection from cold
Scrolls
 b - a scroll of immolation
 f - 4 scrolls of magic mapping {unknown}
 g - 2 scrolls of fear {unknown}
 h - a scroll of noise {unknown}
 i - 2 scrolls of enchant weapon {unknown}
 j - 8 scrolls of identify {unknown}
Potions
 d - a potion of lignification {unknown}
 e - a potion of degeneration {unknown}
 k - 2 potions of curing {unknown}


   Skills:
 + Level 2.3 Fighting
 + Level 4.5 Ranged Weapons
 + Level 3.8 Dodging
 + Level 3.5 Stealth


You had 3 spell levels left.
You didn't know any spells.
Your spell library contained the following spells:

 Spells                   Type           Power      Damage    Failure   Level
 Apportation              Tloc           0%         N/A       36%         1
 Magic Dart               Conj           0%         1d3       36%         1
 Necrotise                Necr           0%         1d4       36%         1
 Slow                     Hex            0%         N/A       36%         1
 Summon Small Mammal      Summ           0%         N/A       36%         1
 Searing Ray              Conj           0%         2d4       50%         2
 Confusing Touch          Hex            0%         N/A       75%         3
 Vampiric Draining        Necr           0%         2d6       75%         3
 Fulminant Prism          Conj/Hex       0%         3d6       98%         4


Dungeon Overview and Level Annotations

Branches:
Dungeon (4/15)
 Temple: D:4-7

Altars:

Annotations:
D:3 1 runed translucent door, Crazy Yiuf, Grinder


Innate Abilities, Weirdness & Mutations

You are very small and have problems with some larger weapons.
You are too small for most types of armour.
You have supernaturally acute eyesight. (SInv)
You cover ground extremely quickly. (Speed+++)


Message History

You now have 146 gold pieces (gained 10).
A ball python comes into view.
Found a stone staircase leading down.
A ball python is nearby!
A ball python is nearby!
A ball python is nearby!
You shoot an arrow. The arrow hits the ball python.
You kill the ball python!
No target in view!
No target in view!
No target in view!
You see here a bat corpse.
There is a stone staircase leading up here.
Things that are here:
a +0 club; a goblin corpse Grinder comes into view.
She is carrying a wand of roots (5).
You shoot an arrow. The arrow hits Grinder!
Grinder shouts!
Grinder is moderately wounded.
Grinder zaps a wand.
The roots erupt in riotous growth!
The grasping roots grab you! The grasping roots constrict you!
You shoot an arrow. The arrow closely misses Grinder.
An endoplasm comes into view.
The grasping roots constrict you.
You shoot an arrow. The arrow closely misses Grinder.
Grinder says, "Tell me all your secrets, or I'll kill you."
Grinder misses you. The grasping roots constrict you. Grinder gestures at you.
You struggle to resist.
The grasping roots constrict you!
* * * LOW HITPOINT WARNING * * *
You are too injured to fight recklessly!
Unknown command.
You escape the roots grasp.
Grinder gestures at you. You resist with some effort.
Grinder zaps a wand.
The roots erupt in riotous growth!
The grasping roots grab you! The grasping roots constrict you!
You die...

######## #.....@##
#5###.#.###############
#. #.###...............
#. ##.#.###############
#. ##.## #J ### #. #.


You could see Grinder.

Vanquished Creatures
  Jessica (D:2)
  3 adders
  A worm (D:3)
  A dart slug (D:2)
  A bat (D:3)
  An endoplasm (D:1)
  2 giant cockroaches
  3 goblins
  2 hobgoblins
  3 quokkas
  5 ball pythons
  2 frilled lizards
  6 kobolds
  6 rats
37 creatures vanquished.

Vanquished Creatures (others)
  7 toadstools (D:3)
7 creatures vanquished.

Grand Total: 44 creatures vanquished

Notes
Turn   | Place    | Note
-------+----------+-------------------------------------------
     0 | D:1      | warriortoast the Spriggan Hunter began the quest for the
                  | Orb.
     0 | D:1      | Reached XP level 1. HP: 10/10 MP: 2/2
    27 | D:1      | Found a faded altar of an unknown god.
   979 | D:2      | Reached XP level 2. HP: 15/15 MP: 3/3
   991 | D:2      | Noticed Jessica
   992 | D:2      | Killed Jessica
   993 | D:2      | Reached XP level 3. HP: 18/18 MP: 4/4
   993 | D:2      | You fall into a shaft and drop 2 floors!
  1548 | D:2      | Identified the +1 leather armour of Ykicruf {Will+ Dex+4}
  1602 | D:2      | Reached XP level 4. HP: 23/23 MP: 5/5
  2315 | D:3      | Found a runed translucent door.
  2316 | D:3      | Noticed Crazy Yiuf
  2471 | D:3      | Noticed Grinder
  2478 | D:3      | Constricted to death by Grinder

Illustrated notes

Levels and vault maps discovered:
D:1:      dpeg_arrival_round_b, layout_basic, ebering_ecumenical_altar_petrified
D:2:      layout_loops_corners, uniq_jessica
D:3:      cheibrodos_fertilizer, layout_loops_ring, uniq_grinder,
          uniq_crazy_yiuf_cottage
D:4:      layout_basic, dreamdust_wishing_well, feat_on_display

Skill      XL: |  1  2  3 |
---------------+----------+-----
Dodging        | 3 |  3.8
Stealth        | 2 3 |  3.5
Fighting       | 2 |  2.3
Ranged Weapons | |  4.5

Action                   |  1- 3 |  4- 6 || total
-------------------------+-------+-------++-------
 Fire: Shortbow          |    59 |    41 ||   100
Armor: Robe              |     2 |     2 ||     4
Dodge: Dodged            |    13 |    15 ||    28
